 Dungeon Crawl Stone Soup version 0.24-b1-30-g840c9efd86 (webtiles) character file.

Game seed: 13181945012034971160, levelgen mode: deterministic

364 grindst0ne the Skirmisher (level 7, -6/55 HPs)
             Began as a Human Artificer on Oct 22, 2019.
             Mangled by Pikel
             ... wielding a +2 whip of electrocution
              (8 damage)
             ... on level 6 of the Dungeon.
             The game lasted 00:08:40 (3349 turns).

grindst0ne the Skirmisher (Human Artificer)         Turns: 3349, Time: 00:08:41

Health: -6/55      AC:  6    Str: 14    XL:     7   Next: 0%
Magic:  9/9        EV: 10    Int: 11    God:
Gold:   260        SH:  0    Dex: 14    Spells: 6/6 levels left

rFire    . . .     SeeInvis .   s - +2 hand axe (chop)
rCold    . . .     Gourm    .   (no shield)
rNeg     . . .     Faith    .   p - +0 scale mail
rPois    .         Spirit   .   (no helmet)
rElec    .         Reflect  .   (no cloak)
rCorr    .         Harm     .   (no gloves)
MR       .....                  (no boots)
Stlth    ..........             (no amulet)
HPRegen  0.18/turn              (no ring)
MPRegen  0.11/turn              (no ring)

@: flying (expiring), very slightly contaminated, invisible
A: no striking features
a: no special abilities


You were on level 6 of the Dungeon.
You were not hungry.

You visited 1 branch of the dungeon, and saw 5 of its levels.

You collected 260 gold pieces.

Inventory:

Hand Weapons
 s - a +2 hand axe of chopping (weapon)
 v - a +0 battleaxe
Missiles
 l - 2 boomerangs (quivered)
Armour
 o - a +1 chain mail of cold resistance
 p - a +0 scale mail (worn)
Wands
 c - a wand of flame (8)
 d - a wand of enslavement (13)
 e - a wand of random effects (7)
Scrolls
 a - 4 scrolls of teleportation {unknown}
 b - 2 scrolls of identify
 i - a scroll of remove curse
 k - a scroll of magic mapping {unknown}
 r - a scroll of fear {unknown}
 t - a scroll of enchant weapon {unknown}
 u - a scroll of amnesia {unknown}
Potions
 g - 2 potions of lignification
 m - a potion of mutation
Comestibles
 f - 8 rations
 h - 5 chunks of flesh


   Skills:
 + Level 4.9 Fighting
   Level 1.0 Short Blades
 * Level 4.1 Axes
 - Level 2.0 Dodging
 - Level 1.0 Stealth
 - Level 3.0 Evocations


You had 6 spell levels left.
You didn't know any spells.
Your spell library contained the following spells:

 Spells                   Type           Power        Failure   Level  Hunger
 Confusing Touch          Hex            #.....       85%         1    ##.....
 Confuse                  Hex            #.......     99%         3    ####...
 Gell's Gravitas          Tloc           #.........   99%         3    ####...
 Petrify                  Tmut/Erth      #.......     100%        4    #####..
 Metabolic Englaciation   Hex/Ice        #.........   100%        5    ######.
 Yara's Violent Unravell  Hex/Tmut       #.........   100%        5    ######.


Dungeon Overview and Level Annotations

Branches:
Dungeon (4/15)
 Temple: D:4-7

Altars:
Ashenzari

Annotations:
D:3 2 transporters, Gargh's ghost, amateur DEAM
D:6 Pikel


Message History

Pikel is moderately wounded.
You are starting to lose your buoyancy.
Pikel hits you with a +2 whip of electrocution!
Pikel hits you with a +2 whip of electrocution.
Your freed slave barely misses Pikel.
You hit Pikel.
Pikel is heavily wounded.
The freed slave is no longer charmed.
Pikel hits you but does no damage.
You are electrocuted!
* * * LOW HITPOINT WARNING * * *
The freed slave hits Pikel.
Pikel hits you with a +2 whip of electrocution.
* * * LOW HITPOINT WARNING * * *
Okay, then.
You fade into invisibility!
Pikel hits you but does no damage.
The freed slave closely misses Pikel.
You are very lightly contaminated with residual magic.
Pikel is no longer moving quickly.
Pikel hits you with a +2 whip of electrocution!
You die...

#....##'#####...
######....#......#...
#......p..#......#...
#.........#......#...
#.........#......#...
#.........#..##..#...
#..p.p....#..# ..#...
#..K......#... ..#
#..p@.....#
#.........#
#.........#
...........#
.............#
.............#
.............#
....###+#....#


You could see Pikel and 4 neutral freed slaves.

Vanquished Creatures
  A scorpion (D:6)
  A jelly (D:6)
  An orc priest (D:4)
  3 orc wizards
  A worker ant (D:4)
  3 adders
  3 worms
  A dart slug (D:1)
  4 leopard geckos
  9 orcs
  4 bats
  3 giant cockroaches
  4 goblins
  7 hobgoblins
  12 jackals
  2 quokkas (D:2)
  A ball python (D:3)
  3 frilled lizards
  3 kobolds
  5 rats
71 creatures vanquished.

Vanquished Creatures (collateral kills)
  An ogre (D:6)
1 creature vanquished.

Vanquished Creatures (others)
  3 toadstools (D:1)
3 creatures vanquished.

Grand Total: 75 creatures vanquished

Notes
Turn   | Place    | Note
-------+----------+-------------------------------------------
     0 | D:1      | grindst0ne the Human Artificer began the quest for the Orb.
     0 | D:1      | Reached XP level 1. HP: 15/15 MP: 3/3
    28 | D:1      | You fall into a shaft and drop 1 floor!
    58 | D:2      | Reached XP level 2. HP: 5/22 MP: 4/4
   706 | D:2      | Reached XP level 3. HP: 4/28 MP: 5/5
  1440 | D:1      | Found a shattered altar of Ashenzari.
  1855 | D:1      | Reached XP level 4. HP: 32/35 MP: 6/6
  2186 | D:3      | Reached skill level 1 in Axes
  2192 | D:3      | Reached XP level 5. HP: 7/42 MP: 7/7
  2469 | D:3      | Noticed Gargh's ghost (amateur DEAM)
  2481 | D:3      | Found a transporter.
  2511 | D:3      | Found a transporter.
  2710 | D:3      | Found a faded altar of an unknown god.
  3151 | D:4      | Reached XP level 6. HP: 19/49 MP: 8/8
  3218 | D:4      | You fall into a shaft and drop 2 floors!
  3278 | D:6      | Noticed a slave
  3279 | D:6      | Noticed Pikel
  3279 | D:6      | Noticed an ogre
  3279 | D:6      | Noticed a slave
  3280 | D:6      | Noticed a slave
  3281 | D:6      | Noticed a slave
  3312 | D:6      | Killed an ogre
  3312 | D:6      | Reached XP level 7. HP: 31/55 MP: 9/9
  3347 | D:6      | HP: 2/55 [Pikel/+2 whip of electrocution (4)]
  3349 | D:6      | Mangled by Pikel

Skill      XL: |  1  2  3  4  5  6 |
---------------+-------------------+-----
Fighting       | 2 3 4 |  4.9
Axes           | 1 3 4 |  4.1
Short Blades   | |  1.0
Dodging        | |  2.0
Stealth        | |  1.0
Evocations     | |  3.0

Action                   |  1- 3 |  4- 6 |  7- 9 || total
-------------------------+-------+-------+-------++-------
Melee: Short sword       |   134 |    40 |       ||   174
       Hand axe          |       |    96 |     2 ||    98
Evoke: Wand              |     9 |    15 |     1 ||    25
  Use: Scroll            |     1 |     4 |       ||     5
       Potion            |       |     3 |     3 ||     6
  Eat: Chunk             |     3 |     5 |       ||     8
Armor: Leather armour    |    24 |       |       ||    24
       Ring mail         |    22 |    27 |       ||    49
       Scale mail        |       |    22 |     2 ||    24
Dodge: Dodged            |    85 |    77 |     1 ||   163
